 Dungeon Crawl Stone Soup version 0.28-a0-622-gbaef9634d7 (webtiles) character file.

Game seed: 160549014074640680

539 Johnny the Chiller (level 7, 60/60 HPs)
             Began as a Pale Draconian Ice Elementalist on Oct 7, 2021.
             Was an Initiate of Sif Muna.
             Got out of the dungeon alive.
             The game lasted 00:03:49 (5077 turns).

Johnny the Chiller (DrIE)                           Turns: 5077, Time: 00:03:50

Health: 60/60      AC:  9    Str: 11    XL:     7   Next: 5%
Magic:  13/13      EV: 12    Int: 17    God:    Sif Muna [......]
Gold:   145        SH:  0    Dex: 11    Spells: 7/14 levels left

rFire   . . .      SeeInvis .   a - +0 dagger
rCold   . . .      Faith    .   (no shield)
rNeg    . . .      Spirit   .   (armour unavailable)
rPois   .          Reflect  .   (helmet restricted)
rElec   .          Harm     .   (no cloak)
rCorr   .          Rampage  .   f - +2 pair of gloves
Will    .....                   (no boots)
Stlth   ++........              (no amulet)
HPRegen 0.20/turn               (no ring)
MPRegen 0.13/turn               (no ring)

@: no status effects
A: breathe steam, AC +6, unfitting armour, cold-blooded, steam resistance
a: Breathe Steam, Renounce Religion


You escaped.
You worshipped Sif Muna.
Sif Muna was noncommittal.
You visited 2 branches of the dungeon, and saw 5 of its levels.

You collected 145 gold pieces.

Inventory:

Hand Weapons
 a - a +0 dagger (weapon)
Armour
 f - a +2 pair of gloves (worn)
Wands
 l - a wand of paralysis (5)
Scrolls
 c - 2 scrolls of enchant weapon {unknown}
 g - 2 scrolls of identify {unknown}
 h - a scroll of enchant armour {unknown}
 i - 4 scrolls of teleportation {unknown}
 j - 2 scrolls of vulnerability {unknown}
 k - 2 scrolls of fear {unknown}
Potions
 b - 5 potions of curing
 d - 2 potions of might {unknown}
 e - a potion of lignification {unknown}


   Skills:
 + Level 4.5 Fighting
 - Level 1.7 Dodging
 - Level 1.7 Stealth
 + Level 4.3 Spellcasting
 + Level 5.9 Ice Magic


You had 7 spell levels left.
You knew the following spells:

 Your Spells              Type           Power      Damage    Failure   Level
a - Freeze                Ice            92%        1d10      1%          1
b - Frozen Ramparts       Ice            46%        1d6       4%          3
c - Ozocubu's Armour      Ice            23%        N/A       4%          3

Your spell library contained the following spells:

 Spells                   Type           Power      Damage    Failure   Level
 Magic Dart               Conj           12%        1d3       16%         1
 Blink                    Tloc           N/A        N/A       24%         2
 Call Imp                 Summ           3%         N/A       24%         2
 Hailstorm                Conj/Ice       13%        3d5       41%         4
 Gell's Gravitas          Tloc           1%         N/A       43%         3
 Lesser Beckoning         Tloc           3%         N/A       43%         3
 Mephitic Cloud           Conj/Pois/Air  3%         N/A       43%         3
 Teleport Other           Tloc           3%         N/A       43%         3
 Manifold Assault         Tloc           3%         N/A       99%         5


Dungeon Overview and Level Annotations

Branches:
Dungeon (4/15)             Temple (1/1) D:4

Altars:
Ashenzari
Cheibriados
Dithmenos
Elyvilon
Fedhas
Hepliaklqana
Kikubaaqudgha
Nemelex Xobeh
Okawaru
Qazlal
Ru
Sif Muna
Trog
Uskayaw
Vehumet
Wu Jian
Xom
Yredelemnul
Zin
The Shining One


Innate Abilities, Weirdness & Mutations

You can breathe blasts of scalding, opaque steam.
Your pale cyan-grey scales are hard. (AC +6)
You cannot fit into any form of body armour.
You are cold-blooded and may be slowed by cold attacks.
You are immune to the effects of steam.


Message History

You kill the ogre!
Sif Muna accepts your kill.
You have reached level 7!
Your scales start taking on a pale cyan-grey colour.
You learn Fire Magic quicker.
You learn Air Magic quicker.
You learn Evocations quicker.
You can breathe blasts of scalding, opaque steam.
You are now immune to the effects of steam.
Okay, then.
You start resting.
The frozen ramparts melt away.
You start resting.
Your icy armour starts to melt.
You start resting.
Your icy armour evaporates.
You start resting.
Magic restored.
You start resting.
HP restored.
There is an open door here.
Items here: ))) ÷÷.
Items here: )))) ÷.
There is an open door here.
Items here: ))) ÷÷.
You see here a +0 ring mail.
There is a stone staircase leading up here.
You climb upwards.
There is a stone staircase leading down here.
You see here 14 arrows.
You see here 13 sling bullets.
There is a stone staircase leading up here.
You climb upwards.
There is a stone staircase leading down here.
There is a stone staircase leading up here.
You climb upwards.
There is a stone staircase leading down here.
You see here a +0 club.
There is a staircase leading out of the dungeon here.
Are you sure you want to leave the Dungeon?
This will make you lose the game!
You have escaped!

.#........# #...#..# #.#
.#........# #...#..# #.#
.#####....# #......# #.#
################..###.########.#
......†........................#
##################.##.##########
....###.##...##.(#..........#
####.#.##.###....#..#.#####.#
#....#.#..#####.@#..#.#...#.#
..##.##..#.##....#..#.#.#.#.#
####.###.#.#.##..#..#.#.#.#.#
.##.###.##..######..#.#.#.#.#
####...###### #..#.#.#.#.#
######## #..#.#.#.#(# .......#
#..#.#.#.#.# .......#
####..#.#.#.#.# .......#
#.......#.#.#.#


There were no monsters in sight!

Vanquished Creatures
  A black bear (D:3)
  An ogre (D:4)
  3 scorpions
  An orc priest (D:3)
  An iguana (D:4)
  A hound zombie (D:3)
  3 adders
  2 worms (D:3)
  A dart slug (D:4)
  4 orcs
  10 ball pythons
  6 bats
  4 endoplasms
  3 giant cockroaches
  14 goblins
  7 hobgoblins
  2 jackals (D:3)
  3 quokkas
  5 frilled lizards
  8 kobolds
  13 rats
93 creatures vanquished.

Notes
Turn   | Place    | Note
-------+----------+-------------------------------------------
     0 | D:1      | Johnny the Draconian Ice Elementalist began the quest for
                  | the Orb.
     0 | D:1      | Reached XP level 1. HP: 14/14 MP: 3/3
   433 | D:1      | Reached XP level 2. HP: 17/22 MP: 1/5
   439 | D:1      | Reached skill level 1 in Fighting
  1154 | D:1      | Reached XP level 3. HP: 25/28 MP: 3/6
  2223 | D:2      | Learned a level 3 spell: Frozen Ramparts
  2227 | D:2      | Learned a level 3 spell: Ozocubu's Armour
  2845 | D:3      | Noticed a scorpion
  2850 | D:3      | Killed a scorpion
  2851 | D:3      | Reached XP level 4. HP: 37/37 MP: 2/8
  3105 | D:3      | Noticed a black bear
  3112 | D:3      | Killed a black bear
  3113 | D:3      | Reached skill level 5 in Ice Magic
  3113 | D:3      | Reached XP level 5. HP: 35/45 MP: 0/10
  3428 | D:3      | Reached XP level 6. HP: 51/51 MP: 11/11
  4321 | D:4      | Found a staircase to the Ecumenical Temple.
  4361 | Temple   | Entered the Ecumenical Temple
  4490 | Temple   | Became a worshipper of Sif Muna the Loreminder
  4605 | D:4      | Your scales start taking on a pale cyan-grey colour.
  4605 | D:4      | Reached XP level 7. HP: 5/60 MP: 2/13
  4605 | D:4      | Gained mutation: You are immune to the effects of steam.
                  | [Pale Draconian growth]
  5077 | D:$      | Got out of the dungeon alive.

Illustrated notes

Levels and vault maps discovered:
D:1:      dpeg_arrival_signposts, layout_basic, minmay_unequal
D:2:      layout_loops_corners, serial_co_window_serial, co_window_corner_a,
          co_window_of_opportunity_a, co_window_paths_b, co_window_corner_a,
          co_window_corner_a, co_window_of_opportunity_c, co_window_paths_c,
          co_window_broadway_b, co_window_4corner_a
D:3:      layout_loops_ring
D:4:      layout_loops_ring, minmay_temple_entry_overgrown, minmay_ogre_servants
Temple:   regret_index_temple_sigil_plot

Skill      XL: |  1  2  3  4  5  6 |
---------------+-------------------+-----
Fighting       | 1 2 3 4 |  4.5
Spellcasting   | 3 4 |  4.3
Ice Magic      | 5 |  5.9
Dodging        | |  1.7
Stealth        | |  1.7

Action                   |  1- 3 |  4- 6 |  7- 9 || total
-------------------------+-------+-------+-------++-------
Melee: Unarmed           |    20 |       |       ||    20
       Dagger            |   144 |    95 |       ||   239
       Tailslap          |     8 |     8 |       ||    16
 Cast: Freeze            |    22 |    28 |       ||    50
       Frozen Ramparts   |     1 |     6 |       ||     7
       Ozocubu's Armour  |       |     1 |       ||     1
  Use: Potion            |       |     1 |       ||     1
 Stab: Sleeping          |     6 |     2 |       ||     8
Armor: Skin              |    60 |    41 |       ||   101
Dodge: Dodged            |   124 |    69 |       ||   193

Table legend: (Time is in decaauts)
 A = Elapsed time spent in this place.
 B = Non-inter-level travel time spent in this place.
 C = Inter-level travel time spent in this place.
 D = Time resting spent in this place.
 E = Time spent auto-exploring this place.
 F = Levels seen in this place.
 G = Mean time per level.
                   A        B        C        D        E       F      G
               +--------+--------+--------+--------+--------+-----+--------+
         Total |   5077 |   4751 |    326 |    685 |   3342 |   5 | 1015.4 |
       Dungeon |   4932 |   4633 |    299 |    685 |   3243 |   4 | 1233.0 |
        Temple |    144 |    117 |     27 |      0 |     99 |   1 |  144.0 |
               +--------+--------+--------+--------+--------+-----+--------+

Top non-repeatable levels by time:
     D:2: 1468 daAuts
     D:1: 1462 daAuts
     D:3: 1171 daAuts
     D:4: 831 daAuts
  Temple: 144 daAuts
